 Dungeon Crawl Stone Soup version 0.29.1-15-g9cfb28693d (webtiles) character file.

Game seed: 934742832722101440

3402 Calibrex the Grappler (level 9, -3/91 HPs)
             Began as a Troll Fighter on Mar 30, 2023.
             Was a Follower of Wu Jian.
             Killed from afar by an electric eel (8 damage)
             ... with a bolt of electricity
             ... on level 8 of the Dungeon.
             The game lasted 00:17:17 (5188 turns).

Calibrex the Grappler (Troll Fighter)               Turns: 5188, Time: 00:17:18

Health: -3/91      AC: 11    Str: 26    XL:     9   Next: 75%
Magic:  8/8        EV: 12    Int:  8    God:    Wu Jian [*.....]
Gold:   320        SH:  8    Dex:  9    Spells: 8/8 levels left

rFire   . . .      SeeInvis .     - Unarmed
rCold   . . .      Faith    .   b - +0 kite shield
rNeg    . . .      Spirit   .   N - +0 troll leather armour
rPois   .          Reflect  .   F - +0 hat
rElec   .          Harm     .   I - +0 cloak
rCorr   .          Rampage  .   (gloves unavailable)
Will    .....                   (boots unavailable)
Stlth   +.........              (no amulet)
HPRegen 1.85/turn               i - +4 ring of protection
MPRegen 0.11/turn               s - +4 ring of evasion

@: mighty
A: large, unfitting armour, claws 3, regeneration 1, shaggy fur 1, tough skin 1
a: Renounce Religion


You were on level 8 of the Dungeon.
You worshipped Wu Jian.
Wu Jian was aware of your devotion.
You visited 2 branches of the dungeon, and saw 9 of its levels.

You collected 320 gold pieces.

Inventory:

Missiles
 g - 3 javelins
 h - 17 poisoned darts (quivered)
 C - 5 curare-tipped darts
 M - a throwing net
Armour
 a - a +0 robe
 b - a +0 kite shield (worn)
 F - a +0 hat (worn)
 I - a +0 cloak (worn)
 N - a +0 troll leather armour (worn)
Jewellery
 i - a +4 ring of protection (left claw)
 s - a +4 ring of evasion (right claw)
 v - a ring of resist corrosion
Wands
 D - a wand of mindburst (25)
 G - a wand of acid (8)
 H - a wand of flame (11)
Scrolls
 d - 3 scrolls of blinking {unknown}
 f - a scroll of magic mapping {unknown}
 l - a scroll of noise {unknown}
 n - 2 scrolls of vulnerability {unknown}
 p - 4 scrolls of fear {unknown}
 t - 2 scrolls of enchant armour {unknown}
 w - 4 scrolls of teleportation {unknown}
 x - 2 scrolls of butterflies {unknown}
 y - 4 scrolls of identify {unknown}
 E - a scroll of poison {unknown}
 J - a scroll of immolation {unknown}
 K - 2 scrolls of enchant weapon {unknown}
Potions
 e - 6 potions of curing {unknown}
 j - 3 potions of flight {unknown}
 k - 2 potions of attraction {unknown}
 m - 2 potions of lignification {unknown}
 o - 3 potions of cancellation {unknown}
 q - a potion of mutation
 r - 2 potions of degeneration {unknown}
 u - a potion of brilliance {unknown}
 z - a potion of heal wounds {unknown}
 A - a potion of magic {unknown}
 B - a potion of ambrosia {unknown}
 L - a potion of haste {unknown}


   Skills:
 + Level 6.3 Fighting
 - Level 2.4 Dodging
 + Level 6.9 Shields
 * Level 10.1 Unarmed Combat


You had 8 spell levels left.
You didn't know any spells.
Your spell library contained the following spells:

 Spells                   Type           Power      Damage    Failure   Level
 Blink                    Tloc           0%         N/A       83%         2
 Gell's Gravitas          Tloc           0%         N/A       97%         3
 Teleport Other           Tloc           0%         N/A       97%         3
 Summon Ice Beast         Ice/Summ       0%         N/A       100%        4
 Manifold Assault         Tloc           0%         N/A       100%        5
 Summon Mana Viper        Hex/Summ       0%         N/A       100%        5
 Dispersal                Tloc           0%         N/A       100%        6
 Monstrous Menagerie      Summ           0%         N/A       100%        7
 Storm Form               Tmut/Air       0%         N/A       100%        7


Dungeon Overview and Level Annotations

Branches:
Dungeon (8/15)             Temple (1/1) D:6            Lair (0/5) D:8

Altars:
Ashenzari
Cheibriados
Dithmenos
Elyvilon
Fedhas
Gozag
Hepliaklqana
Kikubaaqudgha
Makhleb
Nemelex Xobeh
Qazlal
Ru
Trog
Uskayaw
Vehumet
Wu Jian
Xom
Yredelemnul
The Shining One

Shops:
D:8 (

Annotations:
D:8 3 runed translucent doors


Innate Abilities, Weirdness & Mutations

You are too large for most types of armour.
You have claws for hands.
Your natural rate of healing is unusually fast.
You are covered in fur. (AC +1)
You have tough skin. (AC +1)


Message History

The bolt of electricity hits you.
The electric eel shoots out a bolt of lightning at you!
The bolt of electricity hits you!
You miss the electric eel.
The electric eel is moderately wounded.
The electric eel shoots out a bolt of lightning at you!
The bolt of electricity hits you!
* * * LOW HITPOINT WARNING * * *
You feel very mighty all of a sudden.
The electric eel shoots out a bolt of lightning at you!
The bolt of electricity hits you.
* * * LOW HITPOINT WARNING * * *
The electric eel shoots out a bolt of lightning at you!
The bolt of electricity misses the electric eel.
The bolt of electricity hits you.
* * * LOW HITPOINT WARNING * * *
You mangle the electric eel!!
You kill the electric eel!
The Council accepts your kill.
You hear a splash.
The electric eel shoots out a bolt of lightning at you!
The bolt of electricity hits you.
* * * LOW HITPOINT WARNING * * *
The electric eel shoots out a bolt of lightning at you!
The bolt of electricity hits you.
* * * LOW HITPOINT WARNING * * *
You spin and attack the electric eel.
You closely miss the electric eel. You completely miss the electric eel.
The electric eel shoots out a bolt of lightning at you!
The bolt of electricity hits you.
* * * LOW HITPOINT WARNING * * *
You closely miss the electric eel.
The electric eel shoots out a bolt of lightning at you!
The bolt of electricity hits you!
* * * LOW HITPOINT WARNING * * *
You barely miss the electric eel. You miss the electric eel.
The electric eel shoots out a bolt of lightning at you!
The bolt of electricity hits you!
You die...

#........###..## ###
................# #..
.~.............#### #.#
...~..~.~......##.## #.#
...~.~.~~.~....#...###.#
...~~~~~.~≈~~..........#
~..≈~≈~~†~≈~.......#####
~~~≈~≈~S~≈~~...†..#####.
~~≈≈≈.S@~.≈≈~~..#...##..
~≈≈≈≈~....~~~...###..##.
~≈≈≈~..>.~.≈~.......#...
≈≈≈≈≈~.....≈≈~.........#
~≈≈≈≈~....~≈~.......##.#
.~~≈≈~....~~~...........
..≈≈≈≈..~~≈≈..........∩.
..~≈~≈~.≈≈≈~....##..)).#
~....#...).#


You could see 2 electric eels.

Vanquished Creatures
  A troll (D:8)
  Eustachio (D:6)
  A steam dragon (D:7)
  Menkaure (D:6)
  2 water moccasins
  2 ice beasts (D:5)
  2 black bears
  2 ogres (D:4)
  A wolf (D:8)
  A centaur (D:5)
  Blork the orc (D:6)
  A necrophage (D:6)
  2 bullfrogs (D:7)
  A gnoll sergeant (D:7)
  5 scorpions
  5 killer bees
  2 electric eels (D:8)
  A gnoll bouda (D:7)
  4 jellies
  Crazy Yiuf (D:5)
  6 hounds
  5 orc priests
  8 iguanas
  4 orc wizards
  6 adders
  A shadow imp (D:5)
  A worm (D:2)
  3 dart slugs
  26 orcs
  5 bats
  11 endoplasms
  2 giant cockroaches (D:1)
  6 goblins
  10 hobgoblins
  6 jackals
  9 kobolds
  2 quokkas
  9 ball pythons
  2 frilled lizards (D:2)
  4 rats
163 creatures vanquished.

Vanquished Creatures (others)
  An orc wizard (D:6)
  2 fungi (D:5)
3 creatures vanquished.

Grand Total: 166 creatures vanquished

Notes
Turn   | Place    | Note
-------+----------+-------------------------------------------
     0 | D:1      | Calibrex the Troll Fighter began the quest for the Orb.
     0 | D:1      | Reached XP level 1. HP: 22/22 MP: 0/0
   115 | D:1      | Reached XP level 2. HP: 29/29 MP: 1/1
   297 | D:1      | Reached XP level 3. HP: 36/36 MP: 2/2
   350 | D:1      | Reached skill level 3 in Unarmed Combat
   851 | D:2      | Reached XP level 4. HP: 41/44 MP: 3/3
  1078 | D:2      | Found a faded altar of an unknown god.
  1554 | D:4      | Noticed an ogre
  1570 | D:4      | Killed an ogre
  1571 | D:4      | Reached skill level 4 in Unarmed Combat
  1571 | D:4      | Reached XP level 5. HP: 53/53 MP: 4/4
  1761 | D:4      | Found a white marble altar of Elyvilon.
  1761 | D:4      | Noticed a black bear
  1768 | D:4      | Killed a black bear
  1769 | D:4      | Reached XP level 6. HP: 51/61 MP: 5/5
  1789 | D:4      | Found a hazy altar of Hepliaklqana.
  1792 | D:4      | Found a hide-covered altar of Uskayaw.
  1795 | D:4      | Found a stormy altar of Qazlal.
  1882 | D:4      | Reached skill level 5 in Unarmed Combat
  2043 | D:5      | Entered Level 5 of the Dungeon
  2050 | D:5      | Noticed an ice beast
  2059 | D:5      | Killed an ice beast
  2060 | D:5      | Reached XP level 7. HP: 70/70 MP: 6/6
  2121 | D:5      | Identified the +1 trident of the Moon {venom, *Rage rF+
                  | rN+}
  2152 | D:5      | Reached skill level 6 in Unarmed Combat
  2450 | D:5      | Reached skill level 5 in Shields
  2450 | D:5      | Reached skill level 7 in Unarmed Combat
  2450 | D:5      | Reached XP level 8. HP: 79/79 MP: 7/7
  2459 | D:5      | You fall into a shaft and drop 1 floor!
  2481 | D:6      | Noticed Blork the orc
  2490 | D:6      | Killed Blork the orc
  2627 | D:6      | Found a staircase to the Ecumenical Temple.
  2641 | Temple   | Entered the Ecumenical Temple
  2687 | Temple   | Became a worshipper of the Wu Jian Council
  2958 | D:6      | Reached skill level 5 in Fighting
  2987 | D:6      | Noticed Menkaure
  2993 | D:6      | Killed Menkaure
  3051 | D:6      | Found a burning altar of Makhleb.
  3060 | D:6      | Reached skill level 8 in Unarmed Combat
  3067 | D:6      | Found a glowing golden altar of the Shining One.
  3107 | D:6      | Noticed Eustachio
  3117 | D:6      | Killed Eustachio
  3700 | D:5      | Found a runed translucent door.
  3701 | D:5      | Noticed Crazy Yiuf
  3869 | D:5      | Killed Crazy Yiuf
  4094 | D:7      | Reached XP level 9. HP: 43/88 MP: 8/8
  4660 | D:7      | Reached skill level 9 in Unarmed Combat
  5042 | D:8      | Noticed a troll
  5055 | D:8      | Killed a troll
  5096 | D:8      | Found Kischuf's Antique Weapon Shoppe.
  5107 | D:8      | Reached skill level 10 in Unarmed Combat
  5146 | D:8      | Found a runed translucent gate.
  5146 | D:8      | Found a runed translucent gate.
  5146 | D:8      | Found a runed translucent gate.
  5147 | D:8      | Noticed a purple ugly thing
  5147 | D:8      | Noticed a red ugly thing
  5148 | D:8      | Noticed a glowing orange brain
  5169 | D:8      | Found a staircase to the Lair.
  5174 | D:8      | Reached * piety under Wu Jian
  5186 | D:8      | HP: 1/91 [electric eel/bolt of electricity (13)]
  5188 | D:8      | Killed from afar by an electric eel

Illustrated notes

Levels and vault maps discovered:
D:1:      dpeg_arrival_tiny_i, layout_rooms, dreamdust_princess_bridge
D:2:      layout_loops_ring, serial_aquarium, aquarium_bridge_square
          [aquarium_subvault_wall, aquarium_subvault_wall,
          aquarium_subvault_bridge, aquarium_subvault_bridge],
          aquarium_window_fake, aquarium_window_fake, aquarium_view_2f,
          aquarium_pool_five, shapermc_ecumenical_altar_hornbeckon
D:3:      layout_rooms
D:4:      layout_basic, grunt_temple_overflow_cloverleaf, minmay_pentomino_pile
D:5:      layout_cave_pods, guppyfry_early_lair_pool, uniq_crazy_yiuf_cottage
D:6:      layout_gridville, nicolae_overflow_squiral,
          minmay_temple_entry_arrows, nicolae_water_bricks, uniq_menkaure,
          uniq_blork_the_orc, uniq_eustachio
D:7:      layout_basic, hangedman_minor_gate_pass
D:8:      layout_cave_pools, erik_lair_island,
          ploomutoo_gammafunk_ghost_potion_laboratory, serial_shops, shop
Temple:   compressed_dpeg_triangle_lava_temple

Skill      XL: |  1  2  3  4  5  6  7  8  9 |
---------------+----------------------------+-----
Shields        | 3 4 5 6 |  6.9
Unarmed Combat | 3 4 5 7 8 10 | 10.1
Fighting       | 3 4 5 6 |  6.3
Dodging        | |  2.4

Action                   |  1- 3 |  4- 6 |  7- 9 || total
-------------------------+-------+-------+-------++-------
Melee: Unarmed           |   105 |   118 |   297 ||   520
Throw: Dart              |       |     6 |     4 ||    10
Invok: Lunge             |       |       |    14 ||    14
       Whirlwind         |       |       |     1 ||     1
Evoke: Wand              |       |       |     2 ||     2
  Use: Potion            |       |       |     1 ||     1
 Stab: Sleeping          |       |     3 |       ||     3
Armor: Robe              |    33 |    28 |   132 ||   193
       Troll leather arm |       |       |     3 ||     3
Dodge: Dodged            |    36 |    50 |   185 ||   271
Block: Kite shield       |    28 |    24 |   155 ||   207
